[ PARTIDA AOE2 · #479995531 ]
UnrankedItalianos vs Japanese
[ ANÁLISIS DE REPETICIÓN · EXTRAÍDO DE LA PARTIDA GRABADA ]
Feudal
14:37
Castillos
18:32
Imperial
—
| APM promedio | 26.4 |
| APM pico | 52 |
| eAPM promedio | 9.7 |
| Aldeanos / militares | 42 / 3 |
Foco
⚔️ 11.0% · 🌾 89.0%
Fishing Ship ×6 · Genoese Crossbowman ×3
Feudal
16:02
Castillos
—
Imperial
—
| APM promedio | 18.6 |
| APM pico | 38 |
| eAPM promedio | 11.1 |
| Aldeanos / militares | 42 / 5 |
Foco
⚔️ 18.7% · 🌾 81.3%
Fishing Ship ×23 · Skirmisher ×3 · Spearman ×2
Feudal
13:06
Castillos
21:06
Imperial
—
| APM promedio | 22.7 |
| APM pico | 36 |
| eAPM promedio | 14.1 |
| Aldeanos / militares | 38 / 2 |
Foco
⚔️ 38.5% · 🌾 61.5%
Fishing Ship ×9 · Unknown (2626) ×8 · Galley ×2
Feudal
12:50
Castillos
17:03
Imperial
—
| APM promedio | 23.6 |
| APM pico | 52 |
| eAPM promedio | 12.1 |
| Aldeanos / militares | 37 / 7 |
Foco
⚔️ 10.5% · 🌾 89.5%
Fishing Ship ×20 · Conquistador ×7
Feudal
13:22
Castillos
22:33
Imperial
—
| APM promedio | 20.5 |
| APM pico | 35 |
| eAPM promedio | 13.9 |
| Aldeanos / militares | 35 / 16 |
Foco
⚔️ 21.4% · 🌾 78.6%
Militia ×13 · Fishing Ship ×8 · Fire Galley ×3 · Unknown (2626) ×1
Feudal
11:54
Castillos
21:36
Imperial
—
| APM promedio | 45.1 |
| APM pico | 90 |
| eAPM promedio | 17.4 |
| Aldeanos / militares | 34 / 5 |
Foco
⚔️ 31.3% · 🌾 68.7%
Unknown (2626) ×23 · Fishing Ship ×9 · Longboat ×3 · Fire Galley ×2
Feudal
12:36
Castillos
18:47
Imperial
—
| APM promedio | 23.5 |
| APM pico | 56 |
| eAPM promedio | 11.5 |
| Aldeanos / militares | 54 / 5 |
Foco
⚔️ 20.7% · 🌾 79.3%
Fishing Ship ×7 · Knight ×4 · Scout Cavalry ×1
Feudal
13:37
Castillos
—
Imperial
—
| APM promedio | 29.1 |
| APM pico | 62 |
| eAPM promedio | 12.9 |
| Aldeanos / militares | 43 / 17 |
Foco
⚔️ 16.3% · 🌾 83.7%
Militia ×15 · Fishing Ship ×5 · Spearman ×2 · Unknown (2626) ×1
Mapa de la partida
Recursos iniciales + cada clic de construcción. Líneas = muros · curvas = relieve. ◆ oro · ⬟ piedra · ● bayas · ✦ reliquia · ◌ hueco del cierre
Tu base· Abierta — hueco de 5t
Base de [KDS] MEM· Abierta — flanco sin cerrar
Base de Ciapanos· Abierta — hueco de 5t
Base de J4cK· Abierta — hueco de 6t
Base de Blind Archer· Abierta — hueco de 5t
Base de LVDB_Curandero· Abierta — flanco sin cerrar
Base de nickneime· Abierta — hueco de 11t
Base de todolobuenoestaenti· Abierta — flanco sin cerrar
Terreno inicial suavizado · ◌ = hueco del cierre detectado · pasá el cursor para detalles
Inputs por minuto
— HxV - - [KDS] MEM
Build order — HxV
98 acciones detectadas en el replay
| 0:23 | Construir | Town Center |
| 1:03 | Construir | Dock |
| 2:07 | Construir | House |
| 3:04 | Crear | Villager (Male) |
| 3:04 | Crear | Villager (Male) |
| 3:04 | Crear | Villager (Male) |
| 3:04 | Crear | Villager (Male) |
| 3:05 | Crear | Villager (Male) |
| 4:10 | Crear | Fishing Ship |
| 4:23 | Construir | House |
| 4:34 | Crear | Villager (Male) |
| 5:10 | Crear | Fishing Ship |
| 5:19 | Investigar | Loom |
| 5:33 | Crear | Villager (Male) |
| 5:42 | Construir | House |
| 5:49 | Crear | Fishing Ship |
| 6:18 | Crear | Villager (Male) |
| 6:24 | Crear | Fishing Ship |
| 6:50 | Crear | Villager (Male) |
| 6:59 | Construir | House |
| 7:16 | Crear | Villager (Male) |
| 7:23 | Crear | Fishing Ship |
| 7:27 | Crear | Villager (Male) |
| 7:27 | Crear | Villager (Male) |
| 8:16 | Crear | Villager (Male) |
| 8:17 | Crear | Villager (Male) |
| 8:41 | Crear | Villager (Male) |
| 8:42 | Crear | Villager (Male) |
| 8:56 | Construir | Mill |
| 9:10 | Crear | Villager (Male) |
| 9:44 | Construir | House |
| 9:48 | Construir | House |
| 9:52 | Crear | Villager (Male) |
| 9:52 | Crear | Villager (Male) |
| 10:27 | Crear | Fishing Ship |
| 10:43 | Crear | Villager (Male) |
| 10:59 | Construir | Mill |
| 11:23 | Crear | Villager (Male) |
| 11:24 | Crear | Villager (Male) |
| 11:27 | Construir | Lumber Camp |
| 11:57 | Investigar | Feudal Age |
| 12:21 | Construir | Mining Camp |
| 12:41 | Crear | Villager (Male) |
| 12:41 | Crear | Villager (Male) |
| 13:06 | Construir | Palisade Wall |
| 13:23 | Construir | Farm |
| 13:46 | Construir | Palisade Wall |
| 13:52 | Construir | Palisade Wall |
| 14:14 | Crear | Villager (Male) |
| 14:37 | Edad | Edad Feudal |
| 14:39 | Construir | Market |
| 14:42 | Construir | Blacksmith |
| 14:48 | Construir | Palisade Wall |
| 15:01 | Investigar | Double-Bit Axe |
| 15:20 | Investigar | Horse Collar |
| 15:32 | Investigar | Castle Age |
| 15:32 | Investigar | Castle Age |
| 15:40 | Construir | Mining Camp |
| 15:49 | Investigar | Stone Mining |
| 15:59 | Construir | House |
| 16:01 | Construir | House |
| 16:02 | Construir | House |
| 16:08 | Crear | Villager (Male) |
| 16:08 | Crear | Villager (Male) |
| 16:08 | Crear | Villager (Male) |
| 16:58 | Construir | House |
| 17:01 | Construir | House |
| 17:03 | Construir | House |
| 18:32 | Edad | Edad de los Castillos |
| 18:39 | Investigar | Bow Saw |
| 19:09 | Construir | Castle |
| 19:25 | Crear | Villager (Male) |
| 19:25 | Crear | Villager (Male) |
| 19:53 | Construir | Barracks |
| 19:57 | Crear | Villager (Male) |
| 20:04 | Construir | Farm |
| 20:07 | Construir | Farm |
| 20:09 | Construir | Farm |
| 20:16 | Crear | Villager (Male) |
| 20:16 | Crear | Villager (Male) |
| 20:19 | Construir | Town Center |
| 20:41 | Investigar | Gold Mining |
| 21:00 | Crear | Villager (Male) |
| 21:01 | Crear | Villager (Male) |
| 21:25 | Crear | Villager (Male) |
| 21:26 | Crear | Villager (Male) |
| 21:26 | Crear | Villager (Male) |
| 21:56 | Construir | Gate |
| 21:58 | Construir | Stone Wall |
| 21:59 | Construir | Stone Wall |
| 21:59 | Construir | Stone Wall |
| 22:01 | Crear | Villager (Male) |
| 22:01 | Crear | Villager (Male) |
| 22:02 | Crear | Villager (Male) |
| 22:14 | Crear | Genoese Crossbowman |
| 22:14 | Crear | Genoese Crossbowman |
| 22:14 | Crear | Genoese Crossbowman |
| 22:19 | Crear | Villager (Male) |
Build order — [KDS] MEM
108 acciones detectadas en el replay
| 0:16 | Construir | Town Center |
| 1:45 | Construir | House |
| 1:57 | Construir | Dock |
| 2:40 | Construir | House |
| 2:44 | Crear | Villager (Male) |
| 2:45 | Crear | Villager (Male) |
| 2:58 | Crear | Villager (Male) |
| 2:58 | Crear | Villager (Male) |
| 4:25 | Investigar | Loom |
| 4:46 | Crear | Villager (Male) |
| 4:46 | Crear | Villager (Male) |
| 5:27 | Crear | Villager (Male) |
| 5:27 | Crear | Villager (Male) |
| 5:55 | Crear | Villager (Male) |
| 6:06 | Construir | House |
| 6:12 | Crear | Fishing Ship |
| 6:12 | Crear | Fishing Ship |
| 6:44 | Crear | Villager (Male) |
| 7:18 | Crear | Villager (Male) |
| 7:25 | Crear | Fishing Ship |
| 7:25 | Crear | Fishing Ship |
| 7:54 | Construir | House |
| 7:55 | Construir | House |
| 7:56 | Construir | House |
| 7:58 | Crear | Villager (Male) |
| 8:22 | Crear | Villager (Male) |
| 8:26 | Crear | Fishing Ship |
| 8:26 | Crear | Fishing Ship |
| 8:49 | Crear | Fishing Ship |
| 8:52 | Crear | Villager (Male) |
| 9:12 | Crear | Fishing Ship |
| 9:12 | Crear | Fishing Ship |
| 9:25 | Crear | Villager (Male) |
| 9:34 | Crear | Villager (Male) |
| 9:46 | Crear | Villager (Male) |
| 9:59 | Construir | Mill |
| 10:07 | Crear | Fishing Ship |
| 10:07 | Crear | Fishing Ship |
| 10:14 | Crear | Villager (Male) |
| 10:28 | Construir | Mining Camp |
| 10:30 | Crear | Villager (Male) |
| 10:34 | Crear | Villager (Male) |
| 10:51 | Crear | Fishing Ship |
| 10:51 | Crear | Fishing Ship |
| 11:02 | Crear | Villager (Male) |
| 11:08 | Crear | Villager (Male) |
| 11:22 | Construir | Mining Camp |
| 11:31 | Crear | Villager (Male) |
| 11:37 | Construir | Mining Camp |
| 11:39 | Crear | Villager (Male) |
| 11:51 | Construir | House |
| 11:54 | Construir | House |
| 11:56 | Crear | Villager (Male) |
| 12:02 | Crear | Fishing Ship |
| 12:03 | Crear | Fishing Ship |
| 12:56 | Crear | Villager (Male) |
| 13:02 | Crear | Fishing Ship |
| 13:02 | Crear | Fishing Ship |
| 13:52 | Investigar | Feudal Age |
| 13:52 | Investigar | Feudal Age |
| 14:16 | Crear | Fishing Ship |
| 14:16 | Crear | Fishing Ship |
| 14:53 | Crear | Villager (Male) |
| 15:36 | Construir | Barracks |
| 15:39 | Crear | Villager (Male) |
| 15:50 | Crear | Fishing Ship |
| 15:50 | Crear | Fishing Ship |
| 16:02 | Edad | Edad Feudal |
| 16:14 | Construir | Watch Tower |
| 16:18 | Crear | Villager (Male) |
| 16:58 | Crear | Villager (Male) |
| 17:11 | Construir | Watch Tower |
| 17:18 | Crear | Villager (Male) |
| 17:37 | Crear | Spearman |
| 17:37 | Crear | Spearman |
| 17:48 | Crear | Villager (Male) |
| 18:21 | Crear | Villager (Male) |
| 18:27 | Crear | Villager (Male) |
| 18:41 | Construir | Lumber Camp |
| 18:42 | Crear | Villager (Male) |
| 18:55 | Crear | Villager (Male) |
| 19:10 | Construir | House |
| 19:16 | Construir | Market |
| 19:33 | Investigar | Tech 906 |
| 19:58 | Construir | Watch Tower |
| 20:15 | Crear | Villager (Male) |
| 20:15 | Crear | Villager (Male) |
| 20:22 | Construir | Blacksmith |
| 20:37 | Investigar | Gold Mining |
| 20:45 | Crear | Villager (Male) |
| 20:57 | Construir | Archery Range |
| 21:00 | Investigar | Castle Age |
| 21:09 | Construir | House |
| 21:10 | Construir | House |
| 21:11 | Construir | House |
| 21:12 | Construir | House |
| 21:13 | Construir | House |
| 21:25 | Investigar | Double-Bit Axe |
| 21:43 | Crear | Villager (Male) |
| 21:45 | Crear | Fishing Ship |
| 21:45 | Crear | Fishing Ship |
| 22:18 | Crear | Villager (Male) |
| 22:31 | Crear | Skirmisher |
| 22:31 | Crear | Skirmisher |
| 22:31 | Crear | Skirmisher |
| 22:46 | Crear | Villager (Male) |
| 22:50 | Investigar | Wheelbarrow |
| 22:52 | Investigar | Stone Mining |
Build order — Ciapanos
106 acciones detectadas en el replay
| 0:04 | Construir | Town Center |
| 0:49 | Construir | Dock |
| 0:52 | Construir | House |
| 2:26 | Crear | Villager (Male) ×4 |
| 3:58 | Crear | Villager (Male) |
| 4:07 | Construir | House |
| 4:16 | Crear | Fishing Ship |
| 4:25 | Construir | House |
| 4:31 | Investigar | Loom |
| 4:44 | Construir | House |
| 5:03 | Crear | Villager (Male) |
| 5:28 | Crear | Villager (Male) |
| 5:29 | Crear | Villager (Male) |
| 5:39 | Crear | Fishing Ship |
| 5:51 | Crear | Villager (Male) |
| 5:51 | Crear | Villager (Male) |
| 6:11 | Crear | Villager (Male) |
| 6:13 | Construir | House |
| 6:40 | Crear | Villager (Male) |
| 6:41 | Crear | Villager (Male) |
| 7:02 | Crear | Villager (Male) |
| 7:02 | Crear | Villager (Male) |
| 7:15 | Crear | Fishing Ship |
| 7:21 | Construir | House |
| 7:27 | Crear | Villager (Male) |
| 7:45 | Crear | Villager (Male) |
| 7:48 | Construir | House |
| 8:14 | Crear | Villager (Male) |
| 8:14 | Crear | Villager (Male) |
| 8:16 | Crear | Fishing Ship |
| 8:30 | Crear | Villager (Male) |
| 8:50 | Crear | Fishing Ship |
| 9:07 | Crear | Villager (Male) |
| 9:21 | Crear | Villager (Male) |
| 9:27 | Crear | Fishing Ship |
| 9:47 | Construir | Lumber Camp |
| 9:59 | Crear | Villager (Male) |
| 10:23 | Crear | Fishing Ship |
| 10:36 | Construir | House |
| 10:56 | Investigar | Feudal Age |
| 11:40 | Construir | Mining Camp |
| 12:04 | Construir | Dock |
| 12:14 | Crear | Villager (Male) |
| 12:15 | Crear | Villager (Male) |
| 12:25 | Construir | Palisade Wall |
| 12:28 | Construir | Palisade Wall |
| 12:30 | Construir | Palisade Wall |
| 12:32 | Construir | Palisade Wall |
| 12:34 | Construir | Palisade Wall |
| 12:48 | Crear | Villager (Male) |
| 12:50 | Crear | Fishing Ship |
| 12:50 | Crear | Fishing Ship |
| 13:01 | Construir | House |
| 13:06 | Edad | Edad Feudal |
| 13:28 | Crear | Villager (Male) |
| 13:28 | Crear | Villager (Male) |
| 13:30 | Investigar | Double-Bit Axe |
| 13:33 | Construir | House |
| 13:36 | Construir | Palisade Wall |
| 13:41 | Construir | House |
| 13:43 | Construir | Palisade Wall |
| 13:52 | Crear | Villager (Male) |
| 14:00 | Crear | Unit 2626 |
| 14:00 | Crear | Unit 2626 |
| 14:19 | Construir | House |
| 14:29 | Construir | Mining Camp |
| 14:31 | Crear | Villager (Male) |
| 14:38 | Construir | Blacksmith |
| 14:55 | Crear | Unit 2626 |
| 14:55 | Crear | Unit 2626 |
| 15:13 | Crear | Villager (Male) |
| 15:27 | Construir | Palisade Wall |
| 15:29 | Construir | Palisade Wall |
| 15:39 | Construir | Mill |
| 16:04 | Crear | Unit 2626 |
| 16:04 | Crear | Unit 2626 |
| 16:10 | Crear | Villager (Male) |
| 16:24 | Construir | Market |
| 16:50 | Construir | Mill |
| 16:53 | Crear | Villager (Male) |
| 16:55 | Construir | Farm |
| 17:48 | Construir | Farm |
| 17:53 | Construir | House |
| 17:55 | Construir | Palisade Wall |
| 18:26 | Investigar | Castle Age |
| 18:29 | Crear | Galley |
| 18:29 | Crear | Galley |
| 18:34 | Investigar | Gold Mining |
| 18:45 | Construir | Outpost |
| 19:21 | Crear | Unit 2626 |
| 19:21 | Crear | Unit 2626 |
| 20:49 | Investigar | Wheelbarrow |
| 21:06 | Edad | Edad de los Castillos |
| 21:14 | Construir | Castle |
| 21:27 | Construir | Lumber Camp |
| 21:28 | Crear | Villager (Male) |
| 21:28 | Crear | Villager (Male) |
| 21:28 | Crear | Villager (Male) |
| 21:31 | Investigar | Stone Mining |
| 21:51 | Investigar | War Galley (upgrade) |
| 22:04 | Crear | Villager (Male) |
| 22:04 | Crear | Villager (Male) |
| 22:10 | Investigar | Bow Saw |
| 22:15 | Construir | Outpost |
| 22:17 | Investigar | Town Watch |
| 22:54 | Construir | Dock |
Build order — J4cK
83 acciones detectadas en el replay
| 0:14 | Construir | Town Center |
| 1:23 | Construir | Dock |
| 1:27 | Construir | House |
| 2:02 | Construir | Outpost |
| 2:47 | Crear | Villager (Male) ×4 |
| 2:48 | Crear | Villager (Male) ×4 |
| 2:48 | Investigar | Loom |
| 4:00 | Crear | Fishing Ship |
| 4:39 | Crear | Villager (Male) |
| 4:40 | Crear | Villager (Male) |
| 4:42 | Crear | Fishing Ship |
| 4:42 | Crear | Fishing Ship |
| 5:06 | Construir | House |
| 5:37 | Crear | Villager (Male) |
| 5:38 | Crear | Villager (Male) |
| 5:39 | Crear | Fishing Ship |
| 5:39 | Crear | Fishing Ship |
| 6:19 | Crear | Villager (Male) |
| 6:19 | Crear | Villager (Male) |
| 6:22 | Crear | Fishing Ship |
| 6:22 | Crear | Fishing Ship |
| 6:31 | Construir | House |
| 6:50 | Crear | Fishing Ship |
| 6:51 | Crear | Fishing Ship |
| 7:00 | Crear | Villager (Male) |
| 7:00 | Crear | Villager (Male) |
| 7:33 | Crear | Fishing Ship |
| 7:33 | Crear | Fishing Ship |
| 8:06 | Construir | Mill |
| 8:08 | Crear | Villager (Male) |
| 8:08 | Crear | Villager (Male) |
| 8:10 | Crear | Villager (Male) |
| 8:10 | Crear | Villager (Male) |
| 8:14 | Construir | House |
| 8:16 | Crear | Villager (Male) |
| 8:17 | Crear | Villager (Male) |
| 8:43 | Crear | Villager (Male) |
| 8:43 | Crear | Villager (Male) |
| 8:45 | Crear | Fishing Ship |
| 8:55 | Crear | Villager (Male) |
| 9:28 | Crear | Fishing Ship |
| 9:28 | Crear | Fishing Ship |
| 10:07 | Crear | Fishing Ship |
| 10:40 | Investigar | Feudal Age |
| 11:00 | Construir | Mining Camp |
| 12:50 | Edad | Edad Feudal |
| 12:58 | Construir | Market |
| 13:10 | Crear | Villager (Male) |
| 13:41 | Construir | Blacksmith |
| 14:23 | Investigar | Castle Age |
| 14:48 | Construir | Mining Camp |
| 15:19 | Crear | Fishing Ship |
| 15:29 | Construir | House |
| 15:58 | Construir | Outpost |
| 16:37 | Crear | Villager (Male) |
| 16:37 | Crear | Villager (Male) |
| 17:03 | Edad | Edad de los Castillos |
| 17:32 | Construir | Castle |
| 19:08 | Crear | Villager (Male) |
| 19:09 | Crear | Villager (Male) |
| 19:09 | Crear | Villager (Male) |
| 19:09 | Crear | Villager (Male) |
| 19:09 | Crear | Villager (Male) |
| 19:10 | Crear | Villager (Male) |
| 19:10 | Crear | Villager (Male) |
| 19:18 | Crear | Conquistador |
| 19:18 | Crear | Conquistador |
| 19:36 | Crear | Fishing Ship |
| 19:37 | Crear | Fishing Ship |
| 19:37 | Crear | Fishing Ship |
| 19:37 | Crear | Fishing Ship |
| 20:37 | Crear | Conquistador |
| 20:37 | Crear | Conquistador |
| 20:38 | Crear | Conquistador |
| 20:46 | Construir | Farm |
| 20:47 | Construir | Farm |
| 20:49 | Construir | Farm |
| 20:50 | Construir | Farm |
| 20:51 | Construir | Farm |
| 21:34 | Crear | Conquistador |
| 21:35 | Crear | Conquistador |
| 21:47 | Crear | Villager (Male) |
| 21:47 | Crear | Villager (Male) |
Build order — Blind Archer
103 acciones detectadas en el replay
| 0:39 | Construir | Town Center |
| 3:01 | Crear | Villager (Male) |
| 3:01 | Crear | Villager (Male) |
| 3:01 | Crear | Villager (Male) |
| 3:02 | Crear | Villager (Male) |
| 3:30 | Construir | Dock |
| 3:42 | Construir | House |
| 3:47 | Investigar | Loom |
| 4:01 | Crear | Villager (Male) |
| 4:01 | Crear | Villager (Male) |
| 4:36 | Crear | Villager (Male) |
| 4:36 | Crear | Villager (Male) |
| 5:11 | Construir | House |
| 5:27 | Crear | Villager (Male) |
| 5:46 | Crear | Fishing Ship |
| 5:57 | Crear | Villager (Male) |
| 5:57 | Crear | Villager (Male) |
| 6:47 | Crear | Villager (Male) |
| 6:52 | Construir | House |
| 7:02 | Crear | Villager (Male) |
| 7:02 | Crear | Villager (Male) |
| 7:15 | Crear | Villager (Male) |
| 7:23 | Crear | Fishing Ship |
| 7:55 | Crear | Villager (Male) |
| 7:55 | Crear | Villager (Male) |
| 8:10 | Construir | Lumber Camp |
| 8:38 | Crear | Villager (Male) |
| 8:43 | Construir | House |
| 8:55 | Crear | Villager (Male) |
| 9:07 | Construir | House |
| 9:19 | Crear | Fishing Ship |
| 9:27 | Crear | Villager (Male) |
| 10:00 | Crear | Villager (Male) |
| 10:04 | Crear | Fishing Ship |
| 10:20 | Crear | Villager (Male) |
| 10:55 | Construir | Mill |
| 11:12 | Investigar | Feudal Age |
| 12:16 | Construir | Barracks |
| 12:23 | Crear | Villager (Male) |
| 12:24 | Crear | Villager (Male) |
| 12:32 | Construir | Mining Camp |
| 12:48 | Construir | House |
| 13:15 | Crear | Militia |
| 13:15 | Crear | Militia |
| 13:15 | Crear | Militia |
| 13:22 | Edad | Edad Feudal |
| 13:29 | Crear | Villager (Male) |
| 13:54 | Crear | Fishing Ship |
| 14:01 | Crear | Militia |
| 14:09 | Investigar | Double-Bit Axe |
| 14:27 | Construir | Blacksmith |
| 14:31 | Crear | Fishing Ship |
| 14:39 | Crear | Villager (Male) |
| 14:43 | Investigar | Man-at-Arms (upgrade) |
| 14:51 | Investigar | Horse Collar |
| 15:04 | Crear | Fire Galley |
| 15:14 | Crear | Fishing Ship |
| 15:21 | Crear | Villager (Male) |
| 15:22 | Crear | Villager (Male) |
| 15:49 | Construir | Farm |
| 15:53 | Crear | Villager (Male) |
| 16:04 | Crear | Fishing Ship |
| 16:11 | Crear | Fire Galley |
| 16:17 | Construir | Farm |
| 16:47 | Construir | House |
| 16:48 | Construir | House |
| 16:50 | Crear | Villager (Male) |
| 17:04 | Crear | Villager (Male) |
| 17:19 | Construir | Market |
| 17:24 | Construir | Farm |
| 17:27 | Crear | Villager (Male) |
| 17:46 | Crear | Villager (Male) |
| 17:52 | Crear | Militia |
| 17:52 | Crear | Militia |
| 18:12 | Crear | Fire Galley |
| 18:18 | Construir | Farm |
| 18:38 | Construir | Farm |
| 18:40 | Crear | Villager (Male) |
| 19:22 | Crear | Unit 2626 |
| 19:37 | Construir | House |
| 19:39 | Construir | House |
| 19:53 | Investigar | Castle Age |
| 20:18 | Crear | Militia |
| 20:18 | Crear | Militia |
| 20:22 | Construir | House |
| 20:35 | Construir | Barracks |
| 20:46 | Construir | Watch Tower |
| 20:57 | Construir | Watch Tower |
| 21:06 | Investigar | Fletching |
| 21:07 | Investigar | Forging |
| 21:25 | Crear | Militia |
| 21:25 | Crear | Militia |
| 21:44 | Construir | Archery Range |
| 22:23 | Crear | Villager (Male) |
| 22:33 | Edad | Edad de los Castillos |
| 22:42 | Investigar | Long Swordsman (upgrade) |
| 22:48 | Crear | Militia |
| 22:48 | Crear | Militia |
| 22:48 | Crear | Militia |
| 23:07 | Construir | Farm |
| 23:07 | Construir | Farm |
| 23:08 | Construir | Farm |
| 23:08 | Construir | Farm |
Build order — LVDB_Curandero
109 acciones detectadas en el replay
| 0:10 | Construir | Town Center |
| 2:03 | Construir | House |
| 2:08 | Construir | Dock |
| 2:32 | Crear | Villager (Male) ×4 |
| 3:07 | Construir | Palisade Wall |
| 3:08 | Construir | Palisade Wall |
| 3:49 | Investigar | Loom |
| 3:51 | Crear | Fishing Ship |
| 3:52 | Crear | Fishing Ship |
| 3:55 | Construir | House |
| 4:25 | Crear | Fishing Ship |
| 4:25 | Crear | Fishing Ship |
| 5:11 | Construir | House |
| 5:22 | Crear | Villager (Male) |
| 5:22 | Crear | Villager (Male) |
| 5:47 | Crear | Villager (Male) |
| 5:47 | Crear | Villager (Male) |
| 6:10 | Crear | Villager (Male) |
| 6:10 | Crear | Villager (Male) |
| 6:11 | Crear | Fishing Ship |
| 6:11 | Crear | Fishing Ship |
| 6:18 | Crear | Villager (Male) |
| 6:19 | Crear | Villager (Male) |
| 6:39 | Crear | Villager (Male) |
| 6:39 | Crear | Villager (Male) |
| 7:16 | Crear | Villager (Male) |
| 7:34 | Crear | Villager (Male) |
| 7:34 | Crear | Villager (Male) |
| 7:36 | Crear | Fishing Ship |
| 7:57 | Construir | House |
| 8:36 | Crear | Villager (Male) |
| 9:07 | Construir | Mining Camp |
| 9:13 | Crear | Villager (Male) |
| 9:44 | Investigar | Feudal Age |
| 9:44 | Investigar | Feudal Age |
| 10:29 | Construir | Dock |
| 10:39 | Construir | Palisade Wall |
| 11:04 | Crear | Villager (Male) |
| 11:21 | Crear | Villager (Male) |
| 11:52 | Construir | House |
| 11:54 | Edad | Edad Feudal |
| 12:01 | Crear | Unit 2626 |
| 12:02 | Crear | Unit 2626 |
| 12:14 | Construir | House |
| 12:15 | Construir | House |
| 12:18 | Construir | Lumber Camp |
| 12:42 | Crear | Unit 2626 |
| 12:42 | Crear | Unit 2626 |
| 12:49 | Crear | Villager (Male) |
| 12:50 | Crear | Villager (Male) |
| 12:50 | Crear | Villager (Male) |
| 12:52 | Crear | Unit 2626 |
| 12:52 | Crear | Unit 2626 |
| 13:04 | Investigar | Double-Bit Axe |
| 13:32 | Crear | Unit 2626 |
| 13:32 | Crear | Unit 2626 |
| 13:38 | Construir | House |
| 14:25 | Crear | Villager (Male) |
| 14:25 | Crear | Villager (Male) |
| 14:52 | Crear | Fire Galley |
| 14:52 | Crear | Fire Galley |
| 15:00 | Crear | Unit 2626 |
| 15:01 | Crear | Unit 2626 |
| 15:01 | Crear | Unit 2626 |
| 15:17 | Crear | Villager (Male) |
| 15:22 | Construir | Blacksmith |
| 15:39 | Construir | Mill |
| 15:41 | Crear | Villager (Male) |
| 15:55 | Crear | Unit 2626 |
| 15:55 | Crear | Unit 2626 |
| 16:08 | Crear | Villager (Male) |
| 16:10 | Investigar | Forging |
| 16:10 | Investigar | Forging |
| 16:17 | Crear | Unit 2626 |
| 16:17 | Crear | Unit 2626 |
| 16:18 | Crear | Unit 2626 |
| 16:35 | Crear | Villager (Male) |
| 16:51 | Crear | Unit 2626 |
| 16:51 | Crear | Unit 2626 |
| 17:10 | Crear | Unit 2626 |
| 17:10 | Crear | Unit 2626 |
| 17:28 | Crear | Unit 2626 |
| 17:28 | Crear | Unit 2626 |
| 17:28 | Crear | Unit 2626 |
| 17:53 | Construir | Market |
| 17:54 | Crear | Villager (Male) |
| 17:55 | Crear | Villager (Male) |
| 17:59 | Crear | Fishing Ship |
| 18:00 | Crear | Fishing Ship |
| 18:03 | Construir | Dock |
| 18:29 | Construir | House |
| 18:33 | Construir | House |
| 18:33 | Construir | House |
| 18:56 | Investigar | Castle Age |
| 18:56 | Investigar | Castle Age |
| 19:16 | Investigar | Tech 906 |
| 19:25 | Investigar | Fletching |
| 19:25 | Investigar | Fletching |
| 20:25 | Construir | Dock |
| 20:51 | Construir | Lumber Camp |
| 21:28 | Crear | Villager (Male) |
| 21:28 | Crear | Villager (Male) |
| 21:36 | Edad | Edad de los Castillos |
| 21:37 | Crear | Longboat |
| 21:37 | Crear | Longboat |
| 21:37 | Crear | Longboat |
| 21:39 | Construir | University |
| 21:48 | Investigar | Bodkin Arrow |
| 21:48 | Investigar | Bodkin Arrow |
Build order — nickneime
115 acciones detectadas en el replay
| 0:24 | Construir | Town Center |
| 0:48 | Construir | Dock |
| 0:50 | Construir | House |
| 2:41 | Crear | Fishing Ship |
| 2:43 | Crear | Villager (Male) |
| 2:43 | Crear | Villager (Male) |
| 2:45 | Investigar | Loom |
| 2:47 | Crear | Villager (Male) |
| 2:47 | Crear | Villager (Male) |
| 2:47 | Crear | Villager (Male) |
| 2:48 | Crear | Villager (Male) |
| 2:48 | Crear | Villager (Male) |
| 2:48 | Crear | Villager (Male) |
| 4:08 | Crear | Villager (Male) |
| 4:29 | Construir | House |
| 5:09 | Crear | Villager (Male) |
| 5:09 | Crear | Villager (Male) |
| 5:12 | Crear | Fishing Ship |
| 5:37 | Crear | Fishing Ship |
| 5:59 | Crear | Villager (Male) |
| 5:59 | Crear | Villager (Male) |
| 6:16 | Construir | House |
| 6:20 | Crear | Villager (Male) |
| 6:20 | Crear | Villager (Male) |
| 6:40 | Crear | Villager (Male) |
| 6:40 | Crear | Villager (Male) |
| 6:40 | Crear | Villager (Male) |
| 6:42 | Crear | Fishing Ship |
| 6:57 | Construir | House |
| 7:20 | Crear | Villager (Male) |
| 7:20 | Crear | Villager (Male) |
| 7:25 | Crear | Fishing Ship |
| 7:42 | Crear | Villager (Male) |
| 7:42 | Crear | Villager (Male) |
| 7:42 | Crear | Villager (Male) |
| 8:05 | Crear | Villager (Male) |
| 8:11 | Crear | Fishing Ship |
| 8:18 | Construir | House |
| 8:48 | Crear | Fishing Ship |
| 9:16 | Crear | Villager (Male) |
| 9:33 | Construir | Mining Camp |
| 9:35 | Crear | Villager (Male) |
| 10:08 | Crear | Villager (Male) |
| 10:13 | Investigar | Feudal Age |
| 11:14 | Construir | Barracks |
| 11:16 | Construir | House |
| 11:31 | Construir | Mill |
| 11:56 | Construir | House |
| 12:36 | Edad | Edad Feudal |
| 12:40 | Crear | Villager (Male) |
| 12:45 | Crear | Villager (Male) |
| 12:55 | Construir | Blacksmith |
| 13:22 | Construir | Stable |
| 13:26 | Crear | Villager (Male) |
| 13:44 | Construir | House |
| 13:45 | Construir | Palisade Wall |
| 13:56 | Construir | Lumber Camp |
| 13:57 | Crear | Villager (Male) |
| 14:19 | Investigar | Horse Collar |
| 14:22 | Crear | Villager (Male) |
| 14:22 | Crear | Villager (Male) |
| 15:10 | Crear | Villager (Male) |
| 15:25 | Investigar | Tech 906 |
| 15:26 | Crear | Villager (Male) |
| 15:48 | Crear | Villager (Male) |
| 16:22 | Investigar | Castle Age |
| 16:28 | Construir | Farm |
| 16:29 | Construir | Farm |
| 16:31 | Construir | Farm |
| 16:32 | Construir | Farm |
| 16:38 | Construir | Farm |
| 16:50 | Construir | Farm |
| 16:54 | Construir | Farm |
| 16:58 | Construir | Farm |
| 17:05 | Construir | Farm |
| 17:11 | Crear | Scout Cavalry |
| 17:37 | Investigar | Gold Mining |
| 17:45 | Construir | House |
| 18:32 | Construir | House |
| 18:36 | Construir | Stone Wall |
| 18:47 | Edad | Edad de los Castillos |
| 18:54 | Construir | Town Center |
| 18:57 | Crear | Villager (Male) |
| 18:57 | Crear | Villager (Male) |
| 19:03 | Crear | Knight |
| 19:03 | Crear | Knight |
| 19:04 | Crear | Knight |
| 19:04 | Crear | Knight |
| 19:22 | Construir | House |
| 19:26 | Construir | House |
| 19:28 | Crear | Villager (Male) |
| 19:29 | Crear | Villager (Male) |
| 19:47 | Investigar | Double-Bit Axe |
| 19:48 | Investigar | Double-Bit Axe |
| 20:09 | Construir | House |
| 20:10 | Crear | Villager (Male) |
| 20:11 | Crear | Villager (Male) |
| 20:13 | Crear | Villager (Male) |
| 20:14 | Crear | Villager (Male) |
| 20:29 | Crear | Villager (Male) |
| 20:29 | Crear | Villager (Male) |
| 20:31 | Investigar | Stone Mining |
| 20:43 | Crear | Villager (Male) |
| 20:44 | Crear | Villager (Male) |
| 20:50 | Construir | House |
| 21:11 | Crear | Villager (Male) |
| 21:12 | Crear | Villager (Male) |
| 21:12 | Crear | Villager (Male) |
| 21:31 | Construir | Lumber Camp |
| 21:56 | Crear | Villager (Male) |
| 21:56 | Crear | Villager (Male) |
| 21:56 | Crear | Villager (Male) |
| 22:31 | Construir | Archery Range |
| 23:03 | Construir | Archery Range |
| 23:06 | Investigar | Wheelbarrow |
Build order — todolobuenoestaenti
105 acciones detectadas en el replay
| 0:08 | Construir | House |
| 0:47 | Construir | Town Center |
| 1:39 | Construir | Dock |
| 2:57 | Crear | Villager (Male) |
| 2:57 | Crear | Villager (Male) |
| 3:13 | Crear | Villager (Male) |
| 3:25 | Investigar | Loom |
| 3:26 | Crear | Villager (Male) |
| 3:47 | Crear | Villager (Male) |
| 4:00 | Crear | Fishing Ship |
| 4:17 | Construir | House |
| 4:20 | Crear | Villager (Male) |
| 4:21 | Crear | Villager (Male) |
| 5:22 | Crear | Villager (Male) |
| 5:22 | Crear | Villager (Male) |
| 6:05 | Crear | Villager (Male) |
| 6:05 | Crear | Villager (Male) |
| 6:20 | Crear | Fishing Ship |
| 6:25 | Crear | Villager (Male) |
| 6:25 | Crear | Villager (Male) |
| 6:51 | Crear | Villager (Male) |
| 6:52 | Crear | Villager (Male) |
| 7:17 | Crear | Villager (Male) |
| 7:40 | Construir | House |
| 8:13 | Crear | Villager (Male) |
| 8:26 | Construir | Mill |
| 8:37 | Crear | Villager (Male) |
| 8:53 | Crear | Fishing Ship |
| 8:53 | Crear | Fishing Ship |
| 9:10 | Crear | Villager (Male) |
| 9:30 | Crear | Villager (Male) |
| 9:38 | Crear | Fishing Ship |
| 9:42 | Construir | House |
| 10:08 | Crear | Villager (Male) |
| 10:08 | Crear | Villager (Male) |
| 10:42 | Crear | Villager (Male) |
| 11:24 | Investigar | Feudal Age |
| 12:00 | Construir | Mining Camp |
| 12:09 | Construir | House |
| 12:33 | Crear | Villager (Male) |
| 13:28 | Crear | Villager (Male) |
| 13:37 | Edad | Edad Feudal |
| 13:39 | Construir | Barracks |
| 13:57 | Construir | House |
| 14:10 | Construir | House |
| 14:22 | Construir | House |
| 14:30 | Crear | Villager (Male) |
| 14:34 | Investigar | Wheelbarrow |
| 14:39 | Crear | Militia |
| 14:39 | Crear | Militia |
| 14:52 | Crear | Militia |
| 15:05 | Crear | Villager (Male) |
| 15:11 | Construir | House |
| 15:18 | Construir | House |
| 15:28 | Crear | Militia |
| 15:38 | Construir | House |
| 15:59 | Crear | Villager (Male) |
| 16:02 | Crear | Militia |
| 16:04 | Investigar | Man-at-Arms (upgrade) |
| 16:12 | Crear | Villager (Male) |
| 16:15 | Construir | Barracks |
| 16:18 | Crear | Villager (Male) |
| 16:31 | Crear | Villager (Male) |
| 16:43 | Construir | Lumber Camp |
| 16:51 | Crear | Villager (Male) |
| 17:03 | Construir | House |
| 17:11 | Construir | House |
| 17:38 | Investigar | Double-Bit Axe |
| 17:39 | Investigar | Double-Bit Axe |
| 17:54 | Crear | Militia |
| 17:55 | Construir | House |
| 17:57 | Crear | Villager (Male) |
| 18:10 | Crear | Militia |
| 18:16 | Crear | Unit 2626 |
| 18:19 | Crear | Villager (Male) |
| 18:25 | Crear | Militia |
| 18:27 | Construir | House |
| 18:41 | Crear | Militia |
| 18:52 | Construir | Blacksmith |
| 18:55 | Crear | Villager (Male) |
| 18:59 | Crear | Militia |
| 19:04 | Crear | Militia |
| 19:04 | Crear | Militia |
| 19:05 | Crear | Militia |
| 19:07 | Crear | Villager (Male) |
| 19:21 | Construir | Mill |
| 19:27 | Construir | House |
| 19:28 | Construir | House |
| 19:30 | Construir | House |
| 19:56 | Crear | Militia |
| 19:56 | Crear | Militia |
| 20:01 | Crear | Villager (Male) |
| 20:12 | Construir | Barracks |
| 20:14 | Investigar | Forging |
| 20:19 | Crear | Villager (Male) |
| 20:26 | Construir | House |
| 20:41 | Crear | Villager (Male) |
| 21:16 | Crear | Villager (Male) |
| 21:54 | Construir | Barracks |
| 22:05 | Crear | Villager (Male) |
| 22:06 | Crear | Villager (Male) |
| 22:20 | Construir | Mill |
| 22:36 | Crear | Villager (Male) |
| 22:40 | Crear | Spearman |
| 22:40 | Crear | Spearman |
Cronología de la partida
| 0:48 | nickneime · first_building Dock |
| 0:49 | Ciapanos · first_building Dock |
| 1:03 | HxV · first_building Dock |
| 1:23 | J4cK · first_building Dock |
| 1:39 | todolobuenoestaenti · first_building Dock |
| 1:57 | [KDS] MEM · first_building Dock |
| 2:08 | LVDB_Curandero · first_building Dock |
| 3:07 | LVDB_Curandero · wall_segment Palisade Wall x1 |
| 3:08 | LVDB_Curandero · wall_segment Palisade Wall x1 |
| 3:30 | Blind Archer · first_building Dock |
| 10:39 | LVDB_Curandero · wall_segment Palisade Wall x1 |
| 11:14 | nickneime · first_building Barracks |
| 11:54 | LVDB_Curandero · age_up feudal |
| 12:16 | Blind Archer · first_building Barracks |
| 12:25 | Ciapanos · wall_segment Palisade Wall x1 |
| 12:28 | Ciapanos · wall_segment Palisade Wall x1 |
| 12:30 | Ciapanos · wall_segment Palisade Wall x1 |
| 12:32 | Ciapanos · wall_segment Palisade Wall x1 |
| 12:34 | Ciapanos · wall_segment Palisade Wall x1 |
| 12:36 | nickneime · age_up feudal |
| 12:50 | J4cK · age_up feudal |
| 13:06 | Ciapanos · age_up feudal |
| 13:06 | HxV · wall_segment Palisade Wall x4 |
| 13:22 | nickneime · first_building Stable |
| 13:22 | Blind Archer · age_up feudal |
| 13:36 | Ciapanos · wall_segment Palisade Wall x1 |
| 13:37 | todolobuenoestaenti · age_up feudal |
| 13:39 | todolobuenoestaenti · first_building Barracks |
| 13:43 | Ciapanos · wall_segment Palisade Wall x1 |
| 13:45 | nickneime · wall_segment Palisade Wall x4 |
| 13:46 | HxV · wall_segment Palisade Wall x4 |
| 13:52 | HxV · wall_segment Palisade Wall x7 |
| 14:17 | J4cK · first_market_buy 100 food |
| 14:18 | J4cK · first_market_sell 100 stone |
| 14:37 | HxV · age_up feudal |
| 14:48 | HxV · wall_segment Palisade Wall x4 |
| 15:27 | Ciapanos · wall_segment Palisade Wall x3 |
| 15:29 | Ciapanos · wall_segment Palisade Wall x6 |
| 15:36 | [KDS] MEM · first_building Barracks |
| 16:02 | [KDS] MEM · age_up feudal |
| 17:03 | J4cK · age_up castle |
| 17:32 | J4cK · first_building Castle |
| 17:43 | Ciapanos · first_market_buy 100 food |
| 17:45 | Ciapanos · first_market_sell 100 wood |
| 17:55 | Ciapanos · wall_segment Palisade Wall x1 |
| 18:32 | HxV · age_up castle |
| 18:35 | LVDB_Curandero · first_market_buy 100 food |
| 18:36 | LVDB_Curandero · first_market_sell 100 stone |
| 18:36 | nickneime · wall_segment Stone Wall x1 |
| 18:47 | nickneime · age_up castle |
| 19:09 | HxV · first_building Castle |
| 19:53 | HxV · first_building Barracks |
| 20:57 | [KDS] MEM · first_building Archery Range |
| 21:06 | Ciapanos · age_up castle |
| 21:14 | Ciapanos · first_building Castle |
| 21:36 | LVDB_Curandero · age_up castle |
| 21:44 | Blind Archer · first_building Archery Range |
| 21:58 | HxV · wall_segment Stone Wall x1 |
| 21:59 | HxV · wall_segment Stone Wall x1 |
| 21:59 | LVDB_Curandero · resign |
| 21:59 | HxV · wall_segment Stone Wall x1 |
| 22:31 | nickneime · first_building Archery Range |
| 22:33 | Blind Archer · age_up castle |
[ ANÁLISIS IA · 1 CRÉDITO ]
¿Qué pasó realmente en esta partida?
Wolo.gg analiza cada decisión: build order, eco, micro, errores típicos por bracket. Análisis personalizado por WhatsApp o Discord en 30 segundos.
Guía civ
Italianos
Perfil
Jugador #465600